Map: Mech Depot LE

Players

Aerytheta - Winner!

  • Race: Zerg Zerg
  • Spawn Location: 1:00

Nytram

  • Race: Protoss Protoss
  • Spawn Location: 7:00

VOD

Have the link to the VOD?

Description

Time

  • Played on: Nov. 12, 2017, 11:48 a.m.
  • Length: 11:54
Show
View Real Time Build Order
Export as new Build Order

Aerytheta Zerg - Winner!

Build Orders: Hatch First 

Get SALT Encoding   

  12  0:01  Drone  
  13  0:12  Overlord  
  13  0:16  Drone  
  14  0:31  Drone x2  
  16  0:36  Drone  
  17  0:55  Drone  
  17  0:56  Hatchery  
  17  0:59  Drone  
  18  1:09  Extractor  
  17  1:16  Spawning Pool  
  17  1:17  Drone  
  17  1:21  Drone  
  18  1:28  Drone  
  19  1:39  Overlord  
  19  2:06  Zergling x4  
  21  2:10  Queen x2  
  21  2:12  Zergling x4  
  21  2:15  Metabolic Boost  
  27  2:20  Zergling x2  
  28  2:24  Zergling x2  
  30  2:30  Zergling x2  
  30  2:33  Zergling x2  
  31  2:40  Zergling x2  
  32  2:51  Zergling x2  
  33  2:53  Overlord  
  33  2:55  Overlord  
  33  3:02  Zergling x2  
  33  3:05  Zergling x2  
  36  3:12  Zergling x2  
  36  3:15  Zergling x2  
  36  3:19  Zergling x6  
  40  3:23  Zergling x6  
  43  3:31  Zergling x4  
  45  3:42  Drone x2  
  47  4:01  Extractor  
  47  4:02  Drone x3  
  49  4:04  Drone x3  
  49  4:06  Overlord x2  
  31  5:28  Drone x3  
  31  5:29  Drone x6  
  39  5:37  Roach Warren  
  39  5:40  Extractor  
  39  5:42  Extractor  
  36  5:43  Drone x3  
  39  5:52  Drone x2  
  41  6:00  Drone  
  41  6:03  Drone x4  
  46  6:06  Lair  
  46  6:07  Pneumatized Carapace  
  46  6:13  Zergling x6  
  49  6:20  Roach  
  51  6:28  Roach x2  
  55  6:36  Roach x6  
  67  6:49  Zergling x2  
  67  6:50  Overlord  
  68  7:09  Roach  
  68  7:10  Roach x3  
  68  7:11  Overlord x3  
  68  7:12  Overlord  
  68  7:14  Glial Reconstitution  
  76  7:19  Infestation Pit  
  76  7:20  Hydralisk Den  
  74  7:24  Evolution Chamber  
  73  7:30  Evolution Chamber, Drone x3  
  73  7:31  Drone x3  
  78  7:48  Hydralisk  
  78  7:49  Hydralisk x5  
  90  7:53  Zerg Ground Armor Level 1  
  90  7:56  Zerg Melee Weapons Level 1  
  90  7:59  Hydralisk x2  
  90  8:00  Hydralisk x4  
  102  8:16  Hydralisk x3  
  102  8:19  Overlord  
  108  8:27  Hatchery  
  107  8:37  Muscular Augments  
  107  8:52  Hydralisk  
  107  8:53  Hydralisk x3  
  115  8:58  Overlord x3  
  115  9:18  Hydralisk x4, Infestation Pit  
  115  9:19  Hydralisk x2  
  126  9:42  Drone  
  126  9:43  Drone x4  
Show
View Real Time Build Order
Export as new Build Order

Nytram Protoss 

Build Orders: Forge Fast Expand (FFE) 

Get SALT Encoding   

  12  0:01  Probe (Chrono Boost)  
  13  0:16  Pylon  
  13  0:21  Probe (Chrono Boost)  
  14  0:31  Probe (Chrono Boost)  
  15  0:40  Forge  
  15  0:51  Probe (Chrono Boost)  
  16  1:05  Probe (Chrono Boost)  
  17  1:17  Nexus  
  17  1:23  Probe (Chrono Boost)  
  18  1:32  Photon Cannon  
  19  1:40  Probe (Chrono Boost)  
  19  1:46  Photon Cannon  
  19  1:50  Probe (Chrono Boost)  
  20  2:02  Pylon  
  20  2:04  Probe (Chrono Boost)  
  20  2:08  Assimilator  
  21  2:12  Assimilator  
  21  2:26  Pylon  
  21  2:30  Gateway  
  21  2:32  Probe (Chrono Boost)  
  22  2:42  Probe (Chrono Boost)  
  23  2:45  Gateway  
  23  2:53  Probe (Chrono Boost)  
  24  3:02  Probe (Chrono Boost)  
  24  3:03  Probe (Chrono Boost)  
  26  3:18  Cybernetics Core  
  27  3:20  Probe (Chrono Boost)  
  27  3:22  Probe (Chrono Boost)  
  28  3:30  Probe (Chrono Boost), Zealot  
  28  3:32  Zealot  
  33  3:44  Probe (Chrono Boost)  
  34  3:52  Pylon  
  34  3:53  Probe (Chrono Boost)  
  35  3:58  Gateway  
  35  3:59  Gateway  
  35  4:30  Zealot x2  
  35  4:37  Photon Cannon  
  35  4:39  Photon Cannon  
  20  5:00  Forge  
  20  5:16  Zealot x3  
  25  5:38  Pylon  
  25  5:43  Zealot  
  25  5:46  Warp Gate (Chrono Boost)  
  27  5:52  Zealot x3  
  33  6:00  Photon Cannon  
  33  6:01  Photon Cannon  
  33  6:04  Photon Cannon  
  33  6:10  Zealot  
  35  6:12  Photon Cannon  
  35  6:20  Probe (Chrono Boost)  
  36  6:54  Probe  
  37  7:06  Probe  
  38  7:20  Nexus  
  38  7:30  Probe (Chrono Boost)  
  39  7:42  Probe (Chrono Boost)  
  40  7:44  Protoss Ground Weapons Level 1  
  40  7:55  Stalker  
  42  8:03  Stalker  
  44  8:10  Probe (Chrono Boost)  
  45  8:20  Probe (Chrono Boost)  
  46  8:43  Probe (Chrono Boost), Pylon  
  47  8:48  Pylon  
  47  8:50  Stalker  
  47  8:52  Pylon  
  49  8:59  Stalker  
  51  9:05  Probe (Chrono Boost)  
  52  9:16  Robotics Facility  
  52  9:29  Robotics Facility  
  52  9:32  Probe (Chrono Boost)  
  52  9:35  Probe (Chrono Boost)  
  54  10:05  Twilight Council  
  26  10:21  Stalker  
  26  10:22  Stalker  
  26  10:23  Stalker  
  26  10:25  Stalker  
Tags
 
Add a new tag
Caveats
  • Supply blocks, unpowered buildings, or Contaminate may cause inaccurate times.
  • Supply counts are checked every 10 seconds.